 Dungeon Crawl Stone Soup version 0.28-a0-823-gb444dcf96d (webtiles) character file.

Game seed: 9283056095317345133

735 regjfnel the Vexing (level 7, 0/32 HPs)
             Began as a Spriggan Enchanter on Nov 10, 2021.
             Was an Initiate of Dithmenos.
             Slain by a wyvern skeleton (7 damage)
             ... on level 4 of the Dungeon.
             The game lasted 00:10:32 (6353 turns).

regjfnel the Vexing (Spriggan Enchanter)            Turns: 6353, Time: 00:10:33

Health: 0/32       AC:  7    Str:  8    XL:     7   Next: 45%
Magic:  18/18      EV: 17    Int: 25    God:    Dithmenos [......]
Gold:   117        SH:  0    Dex: 15    Spells: 12/20 levels left

rFire   . . .      SeeInvis +   a - +1 dagger (elec)
rCold   . . .      Faith    .   (shield restricted)
rNeg    . . .      Spirit   .   b - +1 robe
rPois   .          Reflect  .   (helmet restricted)
rElec   .          Harm     .   (no cloak)
rCorr   .          Rampage  .   (gloves unavailable)
Will    +....                   (boots unavailable)
Stlth   +++.......              (no amulet)
HPRegen 0.10/turn               e - +6 ring of intelligence
MPRegen 0.16/turn               i - +4 ring of protection

@: unable to read, very quick
A: very small, no large weapons, unfitting armour, see invisible, speed 3,
clever 1, strong 1, inability to read while threatened
a: Renounce Religion


You were on level 4 of the Dungeon.
You worshipped Dithmenos.
Dithmenos was noncommittal.
You visited 2 branches of the dungeon, and saw 5 of its levels.

You collected 117 gold pieces.

Inventory:

Hand Weapons
 a - a +1 dagger of electrocution (weapon)
Missiles
 m - 17 poisoned darts (quivered)
Armour
 b - a +1 robe (worn)
Jewellery
 e - a +6 ring of intelligence (left hand)
 h - a ring of poison resistance
 i - a +4 ring of protection (right hand)
Scrolls
 k - 3 scrolls of enchant armour
Potions
 c - a potion of invisibility
 d - a potion of magic
 f - 2 potions of curing
 g - a potion of flight
 l - a potion of resistance


   Skills:
 - Level 1.1 Short Blades
 - Level 2.6 Dodging
 + Level 6.6 Stealth
 + Level 7.0 Spellcasting
 + Level 7.4 Hexes


You had 12 spell levels left.
You knew the following spells:

 Your Spells              Type           Power      Damage    Failure   Level
a - Ensorcelled Hibernat  Hex/Ice        54%        N/A       2%          2
b - Tukima's Dance        Hex            46%        N/A       1%          3
c - Dazzling Flash        Conj/Hex       54%        N/A       4%          3

Your spell library contained the following spells:

 Spells                   Type           Power      Damage    Failure   Level
 Slow                     Hex            100%       N/A       1%          1
 Confusing Touch          Hex            46%        N/A       1%          3
 Yara's Violent Unravell  Hex/Tmut       13%        3d7       38%         5


Dungeon Overview and Level Annotations

Branches:
Dungeon (4/15)             Temple (1/1) D:4

Altars:
Ashenzari
Cheibriados
Dithmenos
Elyvilon
Fedhas
Gozag
Hepliaklqana
Kikubaaqudgha
Makhleb
Nemelex Xobeh
Okawaru
Ru
Sif Muna
Trog
Uskayaw
Vehumet
Wu Jian
Xom
Yredelemnul
Zin
The Shining One
Beogh

Annotations:
D:3 3 runed translucent doors, Liado's ghost, amateur GnMo
D:4 Pikel


Innate Abilities, Weirdness & Mutations

You are very small and have problems with some larger weapons.
You are too small for most types of armour.
You have supernaturally acute eyesight. (SInv)
You cover ground extremely quickly. (Speed+++)
Your mind is acute. (Int +2)
Your muscles are strong. (Str +2)
You sometimes lose the ability to read scrolls when taking damage.


Message History

You kill the hobgoblin!
Dithmenos accepts your kill.
You start resting.
Magic restored.
You start resting.
HP restored.
You climb upwards.
Welcome back to the Dungeon!
Level annotation: Pikel The wyvern skeleton misses you. x2
There is a staircase to the Ecumenical Temple, spattered with blood here.
Unknown command.
Unknown command.
You hit the wyvern skeleton.
The wyvern skeleton is lightly damaged.
The wyvern skeleton bites you.
You hit the wyvern skeleton.
The wyvern skeleton is moderately damaged.
The wyvern skeleton closely misses you.
A kobold comes into view. It is wielding a +0 club.
You hit the wyvern skeleton.
The wyvern skeleton is moderately damaged.
The wyvern skeleton barely misses you. The wyvern skeleton misses you.
You hit the wyvern skeleton.
Lightning courses through the wyvern skeleton!
The wyvern skeleton is severely damaged.
The wyvern skeleton bites you!
You hit the wyvern skeleton.
The wyvern skeleton is severely damaged.
The wyvern skeleton bites you.
You feel threatened and lose the ability to read scrolls!
A goblin comes into view. It is wielding a +4 dagger.
The goblin shouts!
You hit the wyvern skeleton.
The wyvern skeleton is almost destroyed.
You hear a shout! x2
The wyvern skeleton bites you!
* * * LOW HITPOINT WARNING * * *
Unknown command.
The wyvern skeleton bites you!
You die...

##.###...
#..##..#†.....####.. . ..#
..# ..##.............# ..
.. ..# ^..................
. .!..... .#
##.##.##.##......... ...
.#.....#.........#..#......
#. .#..
#............)##....
#..⌠...⌠.?#.# ..#
.###...Z.....#... ##
......K.@......###
...#.........#.#
#..⌠...⌠..###
#......g.......
###.........#...
##.##.##.##... .g ..# .. ..
#.. ..# #..


You could see 2 goblins, a kobold and a wyvern skeleton.

Vanquished Creatures
  Sigmund (D:2)
  A sky beast (D:3)
  A black bear (D:4)
  A water moccasin skeleton (D:3)
  A centaur skeleton (D:4)
  Natasha (twice) (D:2)
  An orc wizard (D:4)
  3 gnolls (D:2)
  7 adders
  2 worms (D:2)
  3 dart slugs
  8 orcs
  9 endoplasms
  3 giant cockroaches
  8 goblins
  7 hobgoblins
  9 jackals
  8 quokkas
  10 ball pythons
  5 bats
  4 frilled lizards
  5 kobolds
  4 rats
103 creatures vanquished.

Vanquished Creatures (collateral kills)
  Terence (D:2)
  A gnoll (D:2)
2 creatures vanquished.

Vanquished Creatures (others)
  2 dancing weapons
2 creatures vanquished.

Grand Total: 107 creatures vanquished

Notes
Turn   | Place    | Note
-------+----------+-------------------------------------------
     0 | D:1      | regjfnel the Spriggan Enchanter began the quest for the
                  | Orb.
     0 | D:1      | Reached XP level 1. HP: 9/9 MP: 5/5
   351 | D:1      | Reached XP level 2. HP: 13/13 MP: 7/7
   354 | D:1      | Learned a level 2 spell: Ensorcelled Hibernation
  1173 | D:1      | Reached XP level 3. HP: 13/16 MP: 9/9
  1177 | D:1      | Learned a level 3 spell: Tukima's Dance
  1181 | D:1      | Learned a level 3 spell: Dazzling Flash
  1221 | D:1      | You fall into a shaft and drop 1 floor!
  1376 | D:2      | Noticed Terence
  1383 | D:2      | Killed Terence
  1635 | D:2      | Noticed Natasha
  1638 | D:2      | Killed Natasha
  1639 | D:2      | Reached skill level 5 in Hexes
  1639 | D:2      | Reached XP level 4. HP: 21/21 MP: 8/11
  2233 | D:1      | Found a faded altar of an unknown god.
  2664 | D:2      | Noticed Sigmund
  2673 | D:2      | Killed Sigmund
  2674 | D:2      | Reached skill level 5 in Spellcasting
  2674 | D:2      | Reached XP level 5. HP: 24/24 MP: 7/14
  2674 | D:2      | Reached XP level 6. HP: 28/28 MP: 7/15
  2689 | D:2      | Noticed Natasha
  2695 | D:2      | Killed Natasha
  3554 | D:3      | Reached skill level 5 in Stealth
  4469 | D:3      | Found a runed translucent gate.
  4470 | D:3      | Found a runed translucent gate.
  4471 | D:3      | Found a runed translucent gate.
  4472 | D:3      | Noticed Liado's ghost (amateur GnMo)
  4486 | D:3      | Noticed a sky beast
  4507 | D:3      | Killed a sky beast
  4508 | D:3      | Reached XP level 7. HP: 18/32 MP: 9/17
  5301 | D:4      | Gained mutation: You sometimes lose the ability to read
                  | scrolls when taking damage. [potion of mutation]
  5301 | D:4      | Gained mutation: Your muscles are strong. (Str +2) [potion
                  | of mutation]
  5301 | D:4      | Gained mutation: Your mind is acute. (Int +2) [potion of
                  | mutation]
  5374 | D:4      | Noticed Pikel
  5785 | D:4      | Found a staircase to the Ecumenical Temple.
  5799 | Temple   | Entered the Ecumenical Temple
  6159 | Temple   | Became a worshipper of Dithmenos the Shadowed
  6353 | D:4      | Slain by a wyvern skeleton

Illustrated notes

Levels and vault maps discovered:
D:1:      elethiomel_arrival_infinity_welcomes_careful_drivers,
          layout_loops_cross, shapermc_ecumenical_altar_notcrosses,
          grunt_decor_cap, minmay_distorted
D:2:      layout_loops_corners, minmay_misc_feat_tower, grunt_decor_fettered,
          minmay_misc_feat_pillars, uniq_sigmund, uniq_natasha, uniq_terence
D:3:      layout_basic, biasface_ghost_orc_armoury
D:4:      layout_cave_pools, minmay_temple_entry_large_hall, uniq_pikel,
          uniq_robin
Temple:   nicolae_temple_the_god_donut

Skill      XL: |  1  2  3  4  5  6  7 |
---------------+----------------------+-----
Spellcasting   | 3 4 5 6 7 |  7.0
Hexes          | 4 5 6 7 |  7.4
Stealth        | 5 6 |  6.6
Short Blades   | |  1.1
Dodging        | |  2.6

Action                   |  1- 3 |  4- 6 |  7- 9 || total
-------------------------+-------+-------+-------++-------
Melee: Dagger            |   101 |   183 |    70 ||   354
 Cast: Ensorcelled Hiber |    10 |    36 |    12 ||    58
       Tukima's Dance    |     2 |     7 |     1 ||    10
       Dazzling Flash    |       |     1 |       ||     1
  Use: Scroll            |     4 |     4 |     2 ||    10
       Potion            |       |       |     1 ||     1
 Stab: Sleeping          |    11 |    36 |     6 ||    53
       Distracted        |       |     2 |       ||     2
       Invisible         |       |     1 |       ||     1
Armor: Robe              |    10 |    21 |    16 ||    47
Dodge: Dodged            |    88 |   115 |    73 ||   276

Table legend: (Time is in decaauts)
 A = Elapsed time spent in this place.
 B = Non-inter-level travel time spent in this place.
 C = Inter-level travel time spent in this place.
 D = Time resting spent in this place.
 E = Time spent auto-exploring this place.
 F = Levels seen in this place.
 G = Mean time per level.
                   A        B        C        D        E       F      G
               +--------+--------+--------+--------+--------+-----+--------+
         Total |   5155 |   5082 |     73 |   1380 |   2721 |   5 | 1031.0 |
       Dungeon |   4718 |   4651 |     67 |   1113 |   2584 |   4 | 1179.5 |
        Temple |    436 |    431 |      5 |    267 |    136 |   1 |  436.0 |
               +--------+--------+--------+--------+--------+-----+--------+

Top non-repeatable levels by time:
     D:1: 1604 daAuts
     D:2: 1409 daAuts
     D:3: 1370 daAuts
  Temple: 436 daAuts
     D:4: 334 daAuts
